 Dungeon Crawl Stone Soup version 0.24.1-8-ga250c9d538 (webtiles) character file.

Game seed: 7739852132068096556, levelgen mode: deterministic

54 Lemonice the Firebug (level 3, -2/26 HPs)
             Began as a Draconian Fire Elementalist on Apr 30, 2020.
             Slain by a kobold
             ... wielding a +2 dagger of electrocution
              (8 damage)
             ... on level 2 of the Dungeon.
             The game lasted 00:03:33 (1310 turns).

Lemonice the Firebug (Draconian Fire Elementalist)  Turns: 1310, Time: 00:03:33

Health: -2/26      AC:  6    Str: 11    XL:     3   Next: 66%
Magic:  2/6        EV: 12    Int: 15    God:
Gold:   62         SH:  0    Dex: 11    Spells: 5/6 levels left

rFire    . . .     SeeInvis .   e - +0 dagger
rCold    . . .     Gourm    .   (no shield)
rNeg     . . .     Faith    .   (armour unavailable)
rPois    .         Spirit   .   (helmet restricted)
rElec    .         Reflect  .   (no cloak)
rCorr    .         Harm     .   d - +0 pair of gloves
MR       .....                  (no boots)
Stlth    ++........             (no amulet)
HPRegen  0.08/turn              (no ring)
MPRegen  0.10/turn              (no ring)

@: no status effects
A: unfitting armour, cold-blooded, AC +5
a: no special abilities


You were on level 2 of the Dungeon.
You were hungry.

You visited 1 branch of the dungeon, and saw 2 of its levels.

You collected 62 gold pieces.

Inventory:

Hand Weapons
 e - a +0 dagger (weapon)
 j - a +0 dagger of flaming
Armour
 d - a +0 pair of gloves (worn)
Jewellery
 f - an uncursed ring of ice
Scrolls
 a - a scroll of teleportation {unknown}
 c - 3 scrolls of remove curse {unknown}
Potions
 g - 2 potions of heal wounds {unknown}
 h - a potion of haste {unknown}
 i - a potion of curing {unknown}
Comestibles
 b - 4 rations


   Skills:
 - Level 1.9 Dodging
 - Level 2.0 Stealth
 + Level 2.4 Spellcasting
 + Level 1.8 Conjurations
 * Level 3.8 Fire Magic


You had 5 spell levels left.
You knew the following spells:

 Your Spells              Type           Power        Failure   Level  Hunger
a - Flame Tongue          Conj/Fire      ##...        7%          1    #......

Your spell library contained the following spells:

 Spells                   Type           Power        Failure   Level  Hunger
 Throw Flame              Conj/Fire      ##....       10%         2    ###....
 Conjure Flame            Conj/Fire      ##......     21%         3    ###....
 Inner Flame              Hex/Fire       #.......     28%         3    ###....
 Sticky Flame             Conj/Fire      ##......     54%         4    #####..
 Fireball                 Conj/Fire      ##........   88%         5    ######.


Dungeon Overview and Level Annotations

Branches:
Dungeon (2/15)

Altars:


Innate Abilities, Weirdness & Mutations

Your plain brown scales are hard. (AC +5)
You cannot fit into any form of body armour.
You are cold-blooded and may be slowed by cold attacks.


Message History

The flame tongue misses the hobgoblin.
The adder hisses angrily.
The hobgoblin barely misses you.
Casting: Flame Tongue (safe; 7% risk of failure)
Confirm with . or Enter, or press ? or * to list all spells.
Aiming: Flame Tongue (safe; 7% risk of failure)
Press: ? - help, Shift-Dir - straight line, f/p - hobgoblin
Aim: a hobgoblin (moderately wounded)
The flame tongue hits the hobgoblin!
You kill the hobgoblin!
The hobgoblin hits you with a +0 club.
The hobgoblin hits you but does no damage.
The kobold hits you with a +2 dagger of electrocution.
There is an open door here.
The hobgoblin hits you with a +0 club.
The hobgoblin hits you but does no damage.
The kobold hits you but does no damage.
You are electrocuted!
* * * LOW HITPOINT WARNING * * *
The kobold hits you but does no damage.
You are electrocuted!
You die...

##### ##### ##...##
##...## #..
##.....###.....##
....#.......#...?...#
#...#.......#.......#
#...#....[..#..@....#
..###.....###.gK..##
#.####...## ##.g.##
.##.##.##'#######S#######'
..................($......
###.##....................
#...#............(.......
#...####'#######'#######'
#...###)..## ...#


You could see an adder, 2 hobgoblins and a kobold.

Vanquished Creatures
  An adder (D:2)
  An ooze (D:1)
  2 dart slugs
  6 leopard geckos
  A ball python (D:1)
  4 bats
  4 goblins
  3 hobgoblins
  4 kobolds
  2 rats
28 creatures vanquished.

Notes
Turn   | Place    | Note
-------+----------+-------------------------------------------
     0 | D:1      | Lemonice the Draconian Fire Elementalist began the quest
                  | for the Orb.
     0 | D:1      | Reached XP level 1. HP: 14/14 MP: 3/3
   184 | D:1      | Reached XP level 2. HP: 10/20 MP: 3/5
   566 | D:2      | Reached XP level 3. HP: 6/26 MP: 0/6
  1310 | D:2      | Slain by a kobold

Levels and vault maps discovered:
D:1:      minmay_arrival_pointy, layout_basic
D:2:      kennysheep_six_static_rooms, layout_loops_cross

Skill      XL: |  1 |
---------------+----+-----
Stealth        | 2 |  2.0
Dodging        | |  1.9
Spellcasting   | |  2.4
Conjurations   | |  1.8
Fire Magic     | |  3.8

Action                   || total
-------------------------++-------
Melee: Unarmed           ||    37
       Tailslap          ||     8
       Dagger            ||    33
 Cast: Flame Tongue      ||    32
 Stab: Sleeping          ||     1
  Eat: Chunk             ||     1
Armor: Skin              ||    33
Dodge: Dodged            ||    67
